 Dungeon Crawl Stone Soup version 0.25-a0-404-gc1b5a34292 (webtiles) character file.

Game seed: 13835682982190669947, levelgen mode: deterministic

1948 Conn the Magician (level 9, 0/58 HPs)
             Began as an Octopode Wizard on Jan 12, 2020.
             Was a Believer of Sif Muna.
             Slain by an iguana (9 damage)
             ... on level 9 of the Dungeon.
             The game lasted 00:40:49 (9545 turns).

Conn the Magician (Octopode Wizard)                 Turns: 9545, Time: 00:40:53

Health: 0/58       AC:  1    Str: 10    XL:     9   Next: 18%
Magic:  12/17      EV: 14    Int: 20    God:    Sif Muna [**....]
Gold:   537        SH:  6    Dex: 10    Spells: 5/19 levels left

rFire    + . .     SeeInvis .   m - +0 rapier
rCold    . . .     Gourm    .   i - +2 buckler
rNeg     . . .     Faith    .   a - +0 hat
rPois    +         Spirit   .   v - amulet of magic regeneration
rElec    .         Reflect  .   g - ring of wizardry
rCorr    .         Harm     .   t - ring of fire
MR       .....                  p - ring of poison resistance
Stlth    ++++......             u - ring of protection from cold
HPRegen  0.19/turn              (no ring)
MPRegen  0.40/turn              (no ring)
                                (no ring)
                                (no ring)

@: no status effects
A: almost no armour, stealthy swim, amphibious, 8 rings, constrict 8, camouflage
1, gelatinous body 1
a: Channel Magic, Renounce Religion


You were on level 9 of the Dungeon.
You worshipped Sif Muna.
Sif Muna was pleased with you.
You were very hungry.

You visited 2 branches of the dungeon, and saw 10 of its levels.

You collected 537 gold pieces.

Inventory:

Hand Weapons
 b - a +0 dagger
 m - a +0 rapier (weapon)
Missiles
 h - 15 poisoned darts
 w - a throwing net
 A - 2 curare-tipped darts (quivered)
Armour
 a - a +0 hat (worn)
 i - a +2 buckler (worn)
Jewellery
 g - a ring of wizardry (left tentacle)
 p - a ring of poison resistance (on tentacle)
 t - a ring of fire (right tentacle)
 u - a ring of protection from cold (on tentacle)
 v - an amulet of magic regeneration (around mantle)
Wands
 r - a wand of random effects (20)
 s - a wand of flame (20)
Scrolls
 e - a scroll of amnesia
 f - a scroll of teleportation
 l - 9 scrolls of identify
Potions
 d - 3 potions of curing
 n - 2 potions of degeneration
 x - a potion of lignification {unknown}
Comestibles
 c - 3 rations
 j - 7 chunks of flesh


   Skills:
 * Level 3.7 Fighting
 + Level 3.2 Short Blades
 + Level 3.3 Dodging
 + Level 5.2 Stealth
 * Level 4.0 Shields
 + Level 5.6 Spellcasting
 + Level 2.4 Conjurations
 + Level 2.6 Summonings
 * Level 4.3 Translocations
 + Level 0.1 Fire Magic
 + Level 0.5 Air Magic
 + Level 0.2 Earth Magic
 + Level 1.4 Poison Magic
 * Level 2.7 Invocations
 + Level 0.3 Evocations


You had 5 spell levels left.
You knew the following spells:

 Your Spells              Type           Power        Failure   Level  Hunger
a - Magic Dart            Conj           ###.         1%          1    None
b - Blink                 Tloc           N/A          1%          2    None
c - Call Imp              Summ           ###.....     2%          2    None
d - Mephitic Cloud        Conj/Pois/Air  ##......     8%          3    ##.....
e - Conjure Flame         Conj/Fire      ###.....     8%          3    ##.....
f - Stone Arrow           Conj/Erth      ##....       8%          3    ##.....

Your spell library contained the following spells:

 Spells                   Type           Power        Failure   Level  Hunger
 Sandblast                Erth           #.....       4%          1    None
 Passwall                 Tmut/Erth      #.......     6%          2    None
 Slow                     Hex            #.......     7%          2    None
 Petrify                  Tmut/Erth      #.......     38%         4    ####...
 Lee's Rapid Deconstruct  Erth           #.........   69%         5    #####..


Dungeon Overview and Level Annotations

Branches:
Dungeon (9/15)             Temple (1/1) D:4            Lair (0/6) D:9
    Orc: D:9-12

Altars:
Ashenzari
Cheibriados
Dithmenos
Elyvilon
Fedhas
Gozag
Hepliaklqana
Nemelex Xobeh
Okawaru
Qazlal
Ru
Sif Muna
Trog
Uskayaw
Vehumet
Wu Jian
Zin
The Shining One
Lugonu

Annotations:
D:7 Harold
D:8 1 runed translucent door


Innate Abilities, Weirdness & Mutations

You cannot wear most types of armour.
You are very stealthy in the water. (Stealth+)
You are amphibious.
You can wear up to eight rings at the same time.
You can use your tentacles to constrict eight enemies at once.
Your skin changes colour to match your surroundings (Stealth+).
Your rubbery body absorbs attacks. (AC +1, EV +1)


Message History

Sif Muna accepts your kill. The iguana closely misses you.
You barely miss the iguana. You grab the iguana.
The iguana is lightly wounded.
You constrict the iguana, but do no damage.
The iguana bites you.
You hit the iguana.
The iguana is heavily wounded.
You constrict the iguana. You block the iguana's attack.
You hit the iguana.
The iguana is heavily wounded.
You constrict the iguana. The iguana bites you!
You hit the iguana but do no damage.
The iguana is severely wounded.
You constrict the iguana, but do no damage.
The iguana hisses menacingly.
The iguana bites you!
* * * LOW HITPOINT WARNING * * *
The iguana bites you!
You die...

###.##.# ### #...##.## ...######
#....#...
........#############.####
..............#.......#
##......##.)..#.####..####
........##....#(####......
#......)##....#.#.........
........)@....(>#.###.....
..########l..(..#.#.......
#.....#.#.#'#..... ########
#................. #......#
###....)............ +......+
..........[.......... #......#
#####.....#......#.#..
##.....[###.........#....#......
#...................#.#..#......


You could see an iguana.

Vanquished Creatures
  A wraith (D:8)
  A black bear (D:9)
  3 orc warriors (D:9)
  A phantom (D:8)
  2 ogres
  2 centaurs
  A big kobold (D:7)
  3 bullfrogs
  2 scorpions
  3 crimson imps
  A centaur zombie (D:5)
  A jelly (D:8)
  A quasit (D:6)
  2 hounds (D:9)
  3 orc wizards
  An iguana (D:8)
  4 worker ants
  3 gnolls (D:8)
  A worker ant zombie (D:9)
  6 adders
  2 shadow imps
  7 oozes
  An adder zombie (D:8)
  An adder skeleton (D:9)
  2 dart slugs
  A worm (D:6)
  5 leopard geckos
  17 orcs
  5 giant cockroaches
  11 goblins
  6 hobgoblins
  9 jackals
  7 kobolds
  3 quokkas
  2 ball pythons
  6 bats
  2 frilled lizards (D:1)
  A leopard gecko zombie (D:5)
  2 quokka skeletons
  10 rats
142 creatures vanquished.

Vanquished Creatures (collateral kills)
  A centaur zombie (D:8)
  2 iguanas (D:4)
  A gnoll (D:8)
  3 adders
  A worm (D:2)
  A frilled lizard (D:2)
  2 kobolds (D:7)
11 creatures vanquished.

Vanquished Creatures (others)
  A yak (D:9)
1 creature vanquished.

Grand Total: 154 creatures vanquished

Notes
Turn   | Place    | Note
-------+----------+-------------------------------------------
     0 | D:1      | Conn the Octopode Wizard began the quest for the Orb.
     0 | D:1      | Reached XP level 1. HP: 11/11 MP: 4/4
   235 | D:1      | Reached XP level 2. HP: 12/17 MP: 0/6
   531 | D:1      | Learned a level 2 spell: Blink
   534 | D:1      | Learned a level 2 spell: Call Imp
   785 | D:1      | Reached XP level 3. HP: 9/21 MP: 6/8
  1799 | D:1      | Learned a level 3 spell: Mephitic Cloud
  2051 | D:2      | Reached XP level 4. HP: 27/27 MP: 9/9
  2303 | D:2      | Found a snail-covered altar of Cheibriados.
  3068 | D:3      | Found a shattered altar of Ashenzari.
  3364 | D:4      | Reached skill level 1 in Shields
  3368 | D:4      | Reached XP level 5. HP: 24/32 MP: 11/11
  3388 | D:4      | Found a staircase to the Ecumenical Temple.
  3407 | Temple   | Entered the Ecumenical Temple
  3420 | Temple   | Became a worshipper of Sif Muna the Loreminder
  3474 | D:4      | Found a radiant altar of Vehumet.
  3519 | D:4      | Found a blossoming altar of Fedhas.
  3525 | D:4      | Reached skill level 1 in Short Blades
  3956 | D:4      | Learned a level 3 spell: Conjure Flame
  3990 | D:4      | Reached skill level 1 in Fighting
  4328 | D:4      | Noticed an ogre
  4372 | D:4      | Killed an ogre
  4372 | D:4      | Reached XP level 6. HP: 38/38 MP: 1/12
  4725 | D:5      | Entered Level 5 of the Dungeon
  5327 | D:5      | Found an ornate altar of the Wu Jian Council.
  5800 | D:5      | Reached XP level 7. HP: 34/44 MP: 7/13
  6299 | D:6      | Found a stormy altar of Qazlal.
  6326 | D:6      | Found a shadowy altar of Dithmenos.
  6463 | D:6      | Found a white marble altar of Elyvilon.
  6720 | D:6      | Found a stormy altar of Qazlal.
  6740 | D:6      | Learned a level 3 spell: Stone Arrow
  6766 | D:6      | Noticed a manticore
  6813 | D:7      | Noticed Harold
  6814 | D:7      | Reached * piety under Sif Muna
  6818 | D:7      | Found a hide-covered altar of Uskayaw.
  6819 | D:7      | Noticed a +0 hand axe
  6819 | D:7      | Noticed a +0 dagger
  7260 | D:8      | Found a runed translucent door.
  7260 | D:8      | Noticed a sixfirhy
  7399 | D:8      | Noticed a wraith
  7408 | D:8      | Killed a wraith
  7408 | D:8      | Reached skill level 5 in Stealth
  7408 | D:8      | Reached skill level 1 in Poison Magic
  7408 | D:8      | Reached XP level 8. HP: 26/52 MP: 2/15
  7585 | D:8      | Found a white marble altar of Elyvilon.
  7585 | D:8      | Found a glowing golden altar of the Shining One.
  7585 | D:8      | Found a glowing silver altar of Zin.
  7675 | D:8      | Found an iron altar of Okawaru.
  7810 | D:8      | Reached skill level 1 in Invocations
  8091 | D:8      | Found an opulent altar of Gozag.
  8092 | D:8      | Found a sparkling altar of Nemelex Xobeh.
  8523 | D:9      | Killed a yak
  8685 | D:8      | Reached skill level 5 in Spellcasting
  8947 | D:9      | Found a staircase to the Lair.
  8990 | D:9      | Reached XP level 9. HP: 10/57 MP: 6/16
  9479 | D:9      | Reached ** piety under Sif Muna
  9545 | D:9      | Slain by an iguana

Levels and vault maps discovered:
D:1:      dpeg_arrival_stonehenge_12_columns, layout_basic, minmay_tall_x
D:2:      layout_loops_cross, old_standard_altar
D:3:      layout_basic, evilmike_ruin_ashenzari
D:4:      layout_basic, vehumet_altar_wand_db, fedhas_altar_2,
          minmay_temple_entry_drinking_statues, first_ration
D:5:      layout_basic, lemuel_crystal_altar
D:6:      layout_gridville, kennysheep_mini_moat,
          nicolae_dithmenos_the_darkroom, hangedman_feature_mirror,
          nicolae_qazlal_general_emergency, uniq_pikel
D:7:      layout_gridville, grunt_temple_overflow_open, dancing_weapons_uskayaw,
          uniq_harold
D:8:      cheibrodos_shockbox, layout_loops_cross,
          grunt_temple_overflow_opulence, good_gods_mini_temple,
          overflow_temple_1_default
D:9:      layout_basic, lair_entry_dummy, david_orc_2, basic_altar,
          lemuel_flame_loot_1, uniq_maggie
Temple:   corrupted_temple

Skill      XL: |  1  2  3  4  5  6  7  8  9 |
---------------+----------------------------+-----
Stealth        | 3 5 |  5.2
Spellcasting   | 4 5 |  5.6
Shields        | 1 2 3 4 |  4.0
Short Blades   | 1 2 3 |  3.2
Fighting       | 1 3 |  3.7
Translocations | 2 3 4 |  4.3
Conjurations   | 2 |  2.4
Poison Magic   | 1 |  1.4
Summonings     | 2 |  2.6
Invocations    | 2 |  2.7
Dodging        | 3 |  3.3
Fire Magic     | |  0.1
Air Magic      | |  0.5
Earth Magic    | |  0.2
Evocations     | |  0.3

Action                   |  1- 3 |  4- 6 |  7- 9 || total
-------------------------+-------+-------+-------++-------
Melee: Dagger            |    31 |       |       ||    31
       Tentacles         |     4 |    15 |    22 ||    41
       Constrict         |     6 |    24 |    37 ||    67
       Rapier            |     7 |    96 |   169 ||   272
Throw: Dart              |       |       |     2 ||     2
 Cast: Magic Dart        |    45 |    79 |    88 ||   212
       Call Imp          |     3 |     8 |    23 ||    34
       Blink             |       |     3 |    13 ||    16
       Conjure Flame     |       |     3 |     6 ||     9
       Mephitic Cloud    |       |     2 |    24 ||    26
       Stone Arrow       |       |       |     7 ||     7
Invok: Channel Magic     |       |       |     1 ||     1
Evoke: Wand              |       |     1 |     2 ||     3
  Use: Scroll            |       |     9 |     3 ||    12
       Potion            |       |       |    11 ||    11
 Stab: Sleeping          |    10 |     7 |     5 ||    22
       Confused          |       |     1 |     2 ||     3
       Distracted        |       |     1 |       ||     1
  Eat: Chunk             |     3 |     9 |     3 ||    15
       Ration            |       |     1 |     3 ||     4
Armor: Skin              |     8 |     7 |     4 ||    19
Dodge: Dodged            |    21 |    52 |   121 ||   194
Block: Buckler           |     1 |    26 |    71 ||    98

Table legend:
 A = Non-vault XP
 B = Vault XP
 C = Vault XP percentage of total XP
 D = Non-vault monster count
 E = Vault monster count
 F = Vault count percentage of total count
                 A         B        C        D         E       F
            +---------+---------+-------+---------+---------+-------
      Total |    2514 |     270 |   9.7 |     139 |      14 |   9.2
            +---------+---------+-------+---------+---------+-------
        D:1 |      45 |      13 |  22.4 |      20 |       4 |  16.7
        D:2 |      76 |       0 |   0.0 |      27 |       0 |   0.0
        D:3 |      26 |       0 |   0.0 |      11 |       0 |   0.0
        D:4 |     208 |       1 |   0.5 |      15 |       1 |   6.2
        D:5 |     393 |       0 |   0.0 |      11 |       0 |   0.0
        D:6 |     112 |      15 |  11.8 |       4 |       2 |  33.3
        D:7 |     183 |       0 |   0.0 |       9 |       0 |   0.0
        D:8 |     779 |       0 |   0.0 |      21 |       0 |   0.0
        D:9 |     692 |     241 |  25.8 |      21 |       7 |  25.0
            +---------+---------+-------+---------+---------+-------
